cohdb
Replays
Latest Replays
All Replays
Popular Replays
Top Player Replays
Match Explorer
How It Works
Community
CoH3 Stats
Reddit
Sign in to upload your games and track your stats! →
Sign in with Steam
Elos not balanced, but l6 needs nerf
Match 30331258
Overview
Messages
Build Orders
End
Kradschützen Motorcycle Team
Selects Italian Infantry
Panzergrenadier Squad
Panzergrenadier Squad
Panzergrenadier Squad
Construct Light Support Kompanie
Selects Guastatori Squad
Selects L6/40 Light Tank Combat Group
L6/40 Light Tank Combat Group
Fire Support Elements
L6/40 Light Tank Combat Group
2.5-tonne Medical Truck
Selects Defensive Operations
le.IG 18 Mechanized Group
Combat Half-tracks
Cameltoe Joe
Not Emily Willis™
Don't Bully Me, I'll Cum
KoRneY
fartsniffer
NiuZeta
RideZero
Door
0
0
Comments
sign in to comment!
No comments posted yet!